 Dungeon Crawl Stone Soup version 0.30-a0-1157-g2cc9ac7196 (webtiles) character file.

Game seed: 10237619455119825750

560 Lobster4 the Ducker (level 7, -1/50 HPs)
             Began as a Human Wanderer on Apr 24, 2023.
             Was an Initiate of the Shining One.
             Splashed by a jelly's acid (7 damage)
             ... on level 5 of the Dungeon.
             The game lasted 00:12:22 (4738 turns).

Lobster4 the Ducker (Human Wanderer)                Turns: 4738, Time: 00:12:23

Health: -1/50      AC: -5    Str: 11    XL:     7   Next: 57%
Magic:  10/10      EV: 12    Int: 13    God:    the Shining One [......]
Gold:   167        SH:  0    Dex: 15    Spells: 8/10 levels left

rFire   + . .        m - +2 spear (venom)
rCold   x . .        (no shield)
rNeg    . . .        t - +0 ring mail
rPois   .            h - +0 helmet
rElec   .            (no cloak)
rCorr   .            (no gloves)
SInv    .            (no boots)
Will    .....        (no amulet)
Stlth   +            r - ring of fire
HPRegen 0.28/turn    (no ring)
MPRegen 0.12/turn

%: no passive effects
@: corroded, glowing
A: no striking features
a: Renounce Religion


You were on level 5 of the Dungeon.
You worshipped the Shining One.
The Shining One was noncommittal.
You visited 1 branch of the dungeon, and saw 5 of its levels.

You collected 167 gold pieces.

Inventory:

Hand Weapons
 a - a +0 dagger
 j - a +0 flail of protection
 m - a +2 spear of venom (weapon)
 o - a +0 spear
 s - a +0 sling
 v - a +0 shortbow
Missiles
 k - 2 boomerangs (quivered)
 l - 59 stones
Armour
 e - a +0 leather armour
 f - a +1 hat
 h - a +0 helmet (worn)
 t - a +0 ring mail (worn)
Jewellery
 n - a ring of fire
 r - a ring of fire (left hand)
Scrolls
 c - a scroll of silence
 d - 3 scrolls of teleportation
 i - 2 scrolls of fog
 q - a scroll of identify
Potions
 b - 2 potions of flight
 p - a potion of cancellation
 w - a potion of berserk rage {unknown}


   Skills:
 + Level 2.0 Fighting
 + Level 2.2 Polearms
 + Level 2.3 Throwing
 + Level 2.6 Armour
 + Level 4.6 Dodging
 + Level 2.3 Spellcasting
 + Level 1.7 Conjurations
 + Level 3.0 Translocations
 + Level 2.2 Invocations
 + Level 2.3 Evocations


You had 8 spell levels left.
You knew the following spells:

 Your Spells              Type           Power      Damage    Failure   Level
a - Momentum Strike       Conj/Tloc      14%        3d8       32%         2

Your spell library contained the following spells:

 Spells                   Type           Power      Damage    Failure   Level
 Lesser Beckoning         Tloc           18%        N/A       24%         2


Dungeon Overview and Level Annotations

Branches:
Dungeon (5/15)
 Temple: D:4-7

Altars:
The Shining One

Shops:
D:1 (

Annotations:
D:3 3 runed translucent doors, Grinder; retardedninja's ghost, amateur GnFE


Message History

You hit the jelly.
You kill the jelly!
You feel a bit more experienced.
Your Fighting skill increases to level 2!
Your Translocations skill increases to level 3!
You start resting.
HP restored.
A jelly comes into view.
The jelly quivers.
The jelly moves out of view.
Throw: 2 boomerangs
Press: ? - help, Q - select action, (/) - cycle Shift-Dir - straight line, f - jelly
Aim: a jelly (90% to hit)
You throw a boomerang. The boomerang hits the jelly.
The jelly is moderately wounded.
You hit the jelly. The acid corrodes you!
Your hands burn!
The jelly is heavily wounded.
The jelly barely misses you.
You hit the jelly but do no damage.
Your hands burn!
The jelly is heavily wounded.
The jelly hits you.
You are splashed with acid!
You hit the jelly but do no damage.
Your hands burn!
The jelly is heavily wounded.
You hit the jelly.
The jelly is poisoned.
The acid corrodes you!
Your hands burn!
The jelly is severely wounded.
The jelly hits you.
You are splashed with acid!
You are too injured to fight recklessly!
You are too injured to fight recklessly!
You hit the jelly.
Your hands burn!
The jelly is severely wounded.
The jelly hits you. The acid corrodes you!
You are splashed with acid!
* * * LOW HITPOINT WARNING * * *
You hit the jelly but do no damage.
Your hands burn!
* * * LOW HITPOINT WARNING * * *
The jelly is severely wounded.
The jelly hits you.
* * * LOW HITPOINT WARNING * * *
You are splashed with acid!
You die...

#.......#
#.......#
#.......#
#.......# ##
.# #.......#
.. .#
#....)..#
.##.
#.......# ...
#.......# #
#.# ####.####
#.#J#######.#
#..@........#
###.#########
#.# ..# ####


You could see a jelly (very poisoned).

Vanquished Creatures
  Edmund (D:5)
  A centaur (D:5)
  A jelly (D:5)
  A hound (D:4)
  An orc priest (D:5)
  An iguana (D:4)
  A sleepcap (D:5)
  3 orc wizards
  Robin (D:3)
  4 adders
  A worm (D:2)
  2 dart slugs
  9 orcs
  8 endoplasms
  4 giant cockroaches
  6 goblins
  6 hobgoblins
  6 jackals
  4 quokkas
  9 ball pythons
  6 bats
  5 frilled lizards
  10 kobolds
  A rat (D:2)
92 creatures vanquished.

Vanquished Creatures (others)
  A plant (D:2)
1 creature vanquished.

Grand Total: 93 creatures vanquished

Notes
Turn   | Place    | Note
-------+----------+-------------------------------------------
     0 | D:1      | Lobster4 the Human Wanderer began the quest for the Orb.
     0 | D:1      | Lobster4 set off with the following items: a +0 dagger, 3
                  | throwing nets, a scroll of silence, a scroll of
                  | teleportation, a +0 leather armour; and the following
                  | spells available to memorise: Lesser Beckoning, Momentum
                  | Strike.
     0 | D:1      | Reached XP level 1. HP: 13/13 MP: 2/2
   117 | D:1      | Found Vunasigho's Antique Weapon Shoppe.
   277 | D:1      | Reached XP level 2. HP: 19/19 MP: 3/3
   648 | D:1      | Reached XP level 3. HP: 13/25 MP: 4/4
   804 | D:1      | Found a faded altar of an unknown god.
   901 | D:1      | Learned a level 2 spell: Momentum Strike
  1062 | D:2      | Found a glowing golden altar of the Shining One.
  1280 | D:2      | Reached skill level 1 in Throwing
  1486 | D:2      | Became a worshipper of the Shining One
  1543 | D:3      | Noticed Grinder
  1758 | D:3      | Reached XP level 4. HP: 26/31 MP: 6/6
  1976 | D:3      | Paralysed by Grinder for 2 turns
  2012 | D:3      | The Shining One protects you from harm!
  2124 | D:3      | Reached skill level 1 in Fighting
  2175 | D:3      | Found a runed translucent gate.
  2176 | D:3      | Found a runed translucent gate.
  2177 | D:3      | Found a runed translucent gate.
  2177 | D:3      | Identified the +5 hand axe "Usatu" {spect, rN+++ Str+5
                  | Int+3 Dex-3}
  2177 | D:3      | Identified the +0 chain mail of Inviolability {-Cast Str+3
                  | Stlth+}
  2178 | D:3      | Noticed retardedninja's ghost (amateur GnFE)
  2707 | D:3      | Noticed Robin
  2744 | D:3      | Killed Robin
  2745 | D:3      | Reached skill level 1 in Polearms
  2745 | D:3      | Reached XP level 5. HP: 24/37 MP: 7/7
  3541 | D:4      | Reached skill level 1 in Conjurations
  3541 | D:4      | Reached XP level 6. HP: 8/43 MP: 8/8
  3713 | D:4      | Found a glowing golden altar of the Shining One.
  4216 | D:5      | Entered Level 5 of the Dungeon
  4456 | D:5      | Noticed Edmund
  4549 | D:5      | Reached XP level 7. HP: 37/49 MP: 10/10
  4638 | D:5      | Killed Edmund
  4738 | D:5      | Splashed by a jelly's acid

Illustrated notes

Levels and vault maps discovered:
D:1:      dpeg_arrival_simpleton_b, layout_loops_ring,
          chequers_ecumenical_altar_twisty, serial_shops, shop,
          nicolae_concentric_dashed_squares_wild
D:2:      layout_rooms, basic_altar, serial_bayou_ford_a,
          grunt_decor_mini_mirrors
D:3:      layout_loops_ring, biasface_ghost_orc_armoury,
          kennysheep_pointless_box, uniq_robin, uniq_grinder
D:4:      layout_loops_ring, mainiacjoe_overflow_cross_hatched, st_stairs_6
D:5:      layout_loops_cross, serial_shops, shop, shop,
          nicolae_shop_back_alley_shop, shop_statue, minivault_11, st_stairs_7,
          minmay_manual_mares, uniq_edmund

Skill      XL: |  1  2  3  4  5  6  7 |
---------------+----------------------+-----
Throwing       | 1 2 |  2.3
Fighting       | 1 2 |  2.0
Polearms       | 1 2 |  2.2
Armour         | 2 |  2.6
Conjurations   | 1 |  1.7
Spellcasting   | 2 |  2.3
Evocations     | 2 |  2.3
Invocations    | 2 |  2.2
Translocations | 3 |  3.0
Dodging        | |  4.6

Action                     |  1- 3 |  4- 6 |  7- 9 || total
---------------------------+-------+-------+-------++-------
  Melee: Dagger            |    89 |       |       ||    89
         Spear             |   114 |   269 |    27 ||   410
         Punch             |     2 |     3 |     1 ||     6
  Throw: Throwing net      |     3 |       |       ||     3
         Dart              |       |     8 |     4 ||    12
         Boomerang         |       |       |     1 ||     1
    Use: Scroll            |     6 |     4 |     1 ||    11
         Potion            |     2 |     2 |     1 ||     5
 Armour: Leather armour    |    47 |    48 |       ||    95
         Skin              |       |    26 |       ||    26
         Ring mail         |       |     5 |     3 ||     8
  Dodge: Dodged            |   133 |   165 |     9 ||   307

Table legend: (Time is in decaauts)
 A = Elapsed time spent in this place.
 B = Non-inter-level travel time spent in this place.
 C = Inter-level travel time spent in this place.
 D = Time resting spent in this place.
 E = Time spent auto-exploring this place.
 F = Levels seen in this place.
 G = Mean time per level.
                   A        B        C        D        E       F      G
               +--------+--------+--------+--------+--------+-----+--------+
         Total |   4768 |   4534 |    234 |    605 |   2804 |   5 |  953.6 |
       Dungeon |   4768 |   4534 |    234 |    605 |   2804 |   5 |  953.6 |
               +--------+--------+--------+--------+--------+-----+--------+

Top non-repeatable levels by time:
     D:3: 1368 daAuts
     D:4: 1275 daAuts
     D:1: 928 daAuts
     D:2: 695 daAuts
     D:5: 500 daAuts
